 Dungeon Crawl Stone Soup version 0.27.0-1-g7a089689b8 (webtiles) character file.

Game seed: 6576785150821935015

201 quinnr the Gusty (level 5, -3/31 HPs)
             Began as a Tengu Air Elementalist on Aug 7, 2021.
             Slain by an orc (7 damage)
             ... on level 3 of the Dungeon.
             The game lasted 00:11:32 (5091 turns).

quinnr the Gusty (Tengu Air Elementalist)           Turns: 5091, Time: 00:11:34

Health: -3/31      AC:  2    Str:  9    XL:     5   Next: 79%
Magic:  7/10       EV: 14    Int: 16    God:
Gold:   84         SH:  0    Dex: 14    Spells: 9/10 levels left

rFire    . . .     SeeInvis .   (no weapon)
rCold    . . .     Faith    .   (no shield)
rNeg     . . .     Spirit   .   a - +0 robe
rPois    .         Reflect  .   (helmet restricted)
rElec    .         Harm     .   (no cloak)
rCorr    .         Rampage  .   (no gloves)
Will     .....                  (boots unavailable)
Stlth    ++........             (no amulet)
HPRegen  0.10/turn              (no ring)
MPRegen  0.12/turn              (no ring)

@: flying quickly and evasively, very slightly contaminated, quick
A: beak, talons 3, nimble flight
a: no special abilities


You were on level 3 of the Dungeon.
You visited 1 branch of the dungeon, and saw 4 of its levels.

You collected 84 gold pieces.

Inventory:

Armour
 a - a +0 robe (worn)
Wands
 h - a wand of mindburst (8)
Scrolls
 b - a scroll of teleportation {unknown}
 c - 3 scrolls of noise {unknown}
 e - 2 scrolls of fear {unknown}
 g - 2 scrolls of immolation {unknown}
 j - 2 scrolls of identify {unknown}
 k - a scroll of amnesia {unknown}
Potions
 d - a potion of berserk rage {unknown}
 f - a potion of attraction {unknown}
 i - 2 potions of degeneration {unknown}


   Skills:
 + Level 2.5 Fighting
 - Level 2.1 Dodging
 - Level 3.0 Stealth
 - Level 3.0 Spellcasting
 - Level 1.3 Conjurations
 - Level 6.0 Air Magic


You had 9 spell levels left.
You knew the following spells:

 Your Spells              Type           Power      Damage    Failure   Level
a - Shock                 Conj/Air       56%        1d6       4%          1

Your spell library contained the following spells:

 Spells                   Type           Power      Damage    Failure   Level
 Swiftness                Air            21%        N/A       4%          3
 Static Discharge         Conj/Air       14%        N/A       6%          2
 Airstrike                Air            10%        N/A       16%         4


Dungeon Overview and Level Annotations

Branches:
Dungeon (4/15)
 Temple: D:4-7

Altars:
Makhleb

Annotations:
D:3 1 runed translucent door, sasquatch's ghost, amateur KoBe


Innate Abilities, Weirdness & Mutations

You have a beak for a mouth.
You have claws for feet.
Your magical nature lets you fly swiftly and evasively.


Message History

The zap hits the orc wizard.
The orc wizard is moderately wounded.
The zap hits the orc wizard.
The orc wizard is heavily wounded.
The zap misses you.
The orc shouts!
The orc closely misses you.
The orc wizard hits you with a +0 dagger.
The orc wizard points at you and mumbles some strange words.
The puff of flame hits you! The orc barely misses you.
You fly upwards.
Level annotation: 1 runed translucent door, sasquatch's ghost, amateur KoBe
There is a stone staircase leading down here.
Unknown command.
That beam is likely to hit you.
Continue anyway?
You miscast Shock.
You are very lightly contaminated with residual magic.
Nothing appears to happen.
The orc wizard hits you with a +0 dagger.
The orc completely misses you.
Unknown command.
The zap hits the orc wizard.
The orc wizard is severely wounded.
The zap misses the orc.
The orc hits you from afar with a +0 trident.
You are too injured to fight recklessly!
Unknown command.
The orc wizard gestures at you while chanting.
The magic dart hits you!
* * * LOW HITPOINT WARNING * * *
Unknown command.
Casting: Shock (safe; 4% risk of failure)
Confirm with . or Enter, or press ? or * to list all spells.
Aiming: Shock (safe; 4% risk of failure)
Press: ? - help, Shift-Dir - straight line, p - orc wizard The zap hits the orc wizard.
You kill the orc wizard!
The zap misses the orc.
The orc hits you from afar with a +0 trident!
You die...

# #.# #.# # #.#
####.# # #.# #....# #
###.#####.#### #
#..........# #
#.>.#####.>#
########..## #o.#
..........# #).#
########..######@.#
#..)....#..#
#..####.#..#
#..##......#
#..##.#.##(######
####......#....≈P..#
#.....##.#<##.≈.≈..#
#......#.#.##.≈≈≈≈.#
##..8.....#.#..≈≈≈≈P#


You could see an orc.

Vanquished Creatures
  A hound (D:3)
  An orc priest (D:3)
  An orc wizard (D:3)
  Robin (D:3)
  3 adders
  2 adder skeletons (D:3)
  3 worms
  3 dart slugs
  3 orcs (D:3)
  3 bats
  3 endoplasms
  3 giant cockroaches
  16 goblins
  10 hobgoblins
  2 jackals (D:1)
  6 kobolds
  A quokka (D:3)
  4 ball pythons
  A ball python skeleton (D:3)
  A ball python zombie (D:3)
  4 frilled lizards
  A giant cockroach zombie (D:3)
  A quokka skeleton (D:3)
  A quokka zombie (D:3)
  8 rats
83 creatures vanquished.

Vanquished Creatures (others)
  2 fungi (D:1)
  2 plants (D:1)
  2 withered plants (D:3)
6 creatures vanquished.

Grand Total: 89 creatures vanquished

Notes
Turn   | Place    | Note
-------+----------+-------------------------------------------
     0 | D:1      | quinnr the Tengu Air Elementalist began the quest for the
                  | Orb.
     0 | D:1      | Reached XP level 1. HP: 10/10 MP: 4/4
    87 | D:1      | Noticed a death yak
   126 | D:1      | Found a faded altar of an unknown god.
   403 | D:1      | Reached XP level 2. HP: 15/15 MP: 4/6
   619 | D:1      | Reached skill level 5 in Air Magic
   874 | D:1      | Reached XP level 3. HP: 19/19 MP: 4/7
  1068 | D:1      | Noticed a death yak
  1771 | D:2      | Found a burning altar of Makhleb.
  1943 | D:2      | Reached skill level 1 in Fighting
  2381 | D:2      | Reached XP level 4. HP: 25/25 MP: 4/8
  3262 | D:3      | Noticed Robin
  3267 | D:3      | Killed Robin
  3506 | D:3      | Noticed sasquatch's ghost (amateur KoBe)
  3507 | D:3      | Found a runed translucent door.
  3973 | D:3      | Gained mutation: Your magical nature lets you fly swiftly
                  | and evasively. [Tengu growth]
  3973 | D:3      | Reached XP level 5. HP: 29/29 MP: 5/10
  4040 | D:3      | Reached skill level 6 in Air Magic
  5091 | D:3      | Slain by an orc

Illustrated notes

Levels and vault maps discovered:
D:1:      sevenhm_arrival_forest_fort_small_2, layout_loops_ring,
          dreamdust_ecumenical_altar_grove
D:2:      kennysheep_big_flooded_room, layout_basic, basic_altar,
          amcnicky_mini_corridor_feature
D:3:      layout_loops_ring, gammafunk_ghost_grave, serial_undead,
          serial_undead_f, serial_undead_d, serial_undead_a, serial_undead_f,
          chequers_serial_rivers_small_3, uniq_robin
D:4:      layout_gridville, mainiacjoe_overflow_catwalk,
          sigmund_edmund_badplayer

Skill      XL: |  1  2  3  4  5 |
---------------+----------------+-----
Air Magic      | 5 6 |  6.0
Stealth        | 3 |  3.0
Fighting       | 1 2 |  2.5
Spellcasting   | 3 |  3.0
Dodging        | |  2.1
Conjurations   | |  1.3

Action                   |  1- 3 |  4- 6 || total
-------------------------+-------+-------++-------
Melee: Unarmed           |     6 |       ||     6
       Kick              |     1 |       ||     1
       Peck              |     1 |       ||     1
 Cast: Shock             |    89 |   130 ||   219
Armor: Robe              |     3 |     3 ||     6
Dodge: Dodged            |    12 |    18 ||    30
